Workbook

Sheet 2018.2019
A1: Accounts for End of Year 2019
A3: Date | B3: Receipts | C3: £ | E3: Date | F3: Payments | G3: Payments | I3: Chq. No | J3: VAT | K3: Debit
B4: Balance B/F | C4: 11991.45
A5: 43202 | B5: WDDC | C5: 2700 | E5: 43321 | F5: SJ Henstridge Audit | I5: 000193 | J5: 0 | K5: 25
A6: 43371 | B6: WDDC | C6: 2700 | E6: 43236 | F6: CS Vickers salary April/May | I6: 000194 | J6: 0 | K6: 254.94
B7: Car boot | C7: 37.5 | E7: 43236 | F7: CS Vickers expenses April/May | I7: 000195 | J7: 0 | K7: 44.56
E8: 43238 | F8: Came & Co Insurance | I8: 000196 | J8: 0 | K8: 397.8
E9: 43244 | F9: DAPTC - annual conf | I9: 000197 | J9: 0 | K9: 70
E10: 43238 | F10: Dorset County Council Grass cutting | I10: 000198 | J10: 213.24 | K10: 1279.42
E11: 43332 | F11: CS Vickers salary June / July | I11: 000199 | J11: 0 | K11: 254.95
E12: 43332 | F12: CS Vickers expenses June/July | I12: 000200 | J12: 0 | K12: 54.56
F13: Cancelled | I13: 000201 | J13: 0 | K13: 0
F14: Cancelled | I14: 000202 | J14: 0 | K14: 0
E15: 43342 | F15: DAPTC - GDPRS event | I15: 000203 | J15: 0 | K15: 25
E16: 43306 | F16: Yarwood Woodland - chq to L Dolder | I16: 000204 | J16: 54.47 | K16: 326.82
E17: 43306 | F17: Engraving | I17: 000205 | J17: 2.33 | K17: 13.99
E18: 43355 | F18: CS Vickers salary Aug/Sept | I18: 000206 | J18: 0 | K18: 254.95
E19: 43355 | F19: CS Vickers expenses Aug/Sept | I19: 000207 | J19: 0 | K19: 44.56
E20: 43355 | F20: DAPTC | I20: 000208 | J20: 0 | K20: 140.17
E21: 43355 | F21: Folke PCC grant | I21: 000209 | J21: 0 | K21: 100
E22: 43418 | F22: CS Vickers salary Oct/Nov | I22: 000210 | J22: 0 | K22: 254.95
E23: 43414 | F23: CS Vickers expense end Nov | I23: 000211 | J23: 0 | K23: 44.56
E24: 43426 | F24: Cllr Crothers cost of probate regading wills | I24: 000212 | J24: 0 | K24: 30
E25: 43427 | F25: Cllr Rolls expensees | I25: 000213 | J25: 0 | K25: 20
E26: 43481 | F26: CS Vickers salary Dec & Jan | I26: 000214 | J26: 0 | K26: 254.95
... E29: 43544 | F29: White Hart Grant | I29: 000219 | J29: 0 | K29: 75
B30: Total Receipts: | C30: =SUM(C5:C9) -> 5437.5 | F30: Total Payments | J30: =SUM(J5:J29) -> 270.04 | K30: =SUM(K5:K29) -> 4218.18
B34: BANK RECONCILIATION. | F34: RECEIPTS AND PAYMENTS RECONCILIATION
B35: Balance from NatWest A/c Statement 31 March 2015 | C35: =SUM(C4) -> 11991.45 | F35: Opening Balance | K35: =SUM(C4) -> 11991.45
B36: Unpresented cheques:- | C36: =SUM(K43) -> 379.95 | F36: Add Receipts in the Year | K36: =C30 -> 5437.5
B37: Net Bank Balance | C37: =SUM(C35)-C36 -> 11611.5 | F37: Less Payments in the Year | G37: 180 | K37: =-K30 -> -4218.18
F39: Receipts and Payments Closing Balance | K39: =SUM(C35)+C30-K30 -> 13210.77
F41: Unpresented cheques | I41: 000217 | J41: 0 | K41: 125
I42: 000218 | J42: 0 | K42: 254.95
F43: Total of unpresented cheques | K43: =SUM(K41:K42) -> 379.95
F45: Staff Cost for Audit Document | I45: =SUM(K6)+K11+K18+K22+K26 -> 1274.74
F46: Other Costs for Audit Document | I46: =SUM(K30)-I45 -> 2943.44

Sheet Sheet2
B1: BANK RECONCILLIATION
B3: Council Name | C3: Folke Parish Council
B4: Financial Year Ending | C4: 43555
B6: Prepared by | C6: Carinna Vickers Clerk
B8: Approved by | C8: Folke Parish Council
B9: Date
C10: 43190 | D10: 43555
B11: Balance per bank statements as at 31st March 2019 | C11: £ | D11: £
B12: Nat West 1 Acc | C12: 11991.45 | D12: =SUM('2018.2019'!K39) -> 13210.77
B13: Less unpresented cheques at 31st March 2019 | C13: 0 | D13: 379.95
D17: =SUM(C14:C17) -> 0
B18: Unbanked Cash | D18: =C18 -> 0
B19: Net Bank Balances as at 31st March 2019 | C19: 11991.45 | D19: 13210.77
B20: The net balances reconcile to the Cash Book (receipts & payments account) for the year as follows
B21: CASH BOOK
B22: Opening Balance | D22: =SUM(C12) -> 11991.45
B23: Add: Receipts in the Year | D23: =SUM('2018.2019'!C30) -> 5437.5
B24: Less: Payments in the Year | D24: =SUM('2018.2019'!K37) -> -4218.18
B25: Closing balance as per cash book (receipts and payments book) as at 31 March 2015 (must equal net bank balances above | D25: =SUM(D22:D24) -> 13210.77

Sheet Sheet1
B1: 2017 | C1: 2018
A2: 1 | B2: 14025
A3: 2 | B3: 5400
A4: 3 | B4: 402
A5: 4 | B5: 1580
A6: 5 | B6: nil
A7: 6 | B7: 6254
A8: 7 | B8: 11991
A9: 8 | B9: 11991 | C9: 8415
A10: 9 | B10: 8088 | C10: nil

Sheet Draft Budget
A1: 2018/19 Budget | C1: Income / Spend to end 31/10/18 | E1: Draft Budget for 2019/2020
B2: Income
A3: 0 | B3: Interest | C3: 0 | E3: 0
A4: 35 | B4: Rent of field for car boot sales | C4: =SUM('2018.2019'!C7) -> 37.5 | E4: 35
A5: 200 | B5: Refund of VAT | C5: 0 | E5: 250
A6: 85 | B6: LCT Grant | C6: 0 | E6: 0
A7: 5400 | B7: Precept | C7: =SUM('2018.2019'!C5)+'2018.2019'!C6 -> 5400 | E7: 5400
A8: =SUM(A3:A7) -> 5720 | E8: =SUM(E3:E7) -> 5685
B9: Expenditure
A10: 1529 | B10: Clerk's salary | C10: =SUM('2018.2019'!I45) -> 1274.74 | E10: 1529
A11: 200 | B11: Clerk's expenses | C11: =SUM('2018.2019'!K6)+'2018.2019'!K12+'2018.2019'!K19 -> 354.06 | E11: 300
A12: 50 | B12: DAPTC training | C12: =SUM('2018.2019'!K15)+'2018.2019'!K9 -> 95 | E12: 100
A13: 140 | B13: DAPTC fees | C13: =SUM('2018.2019'!K24) -> 30 | E13: 150
A14: 100 | B14: Hire of Village Hall | C14: 0 | E14: 100
A15: 350 | B15: Insurance premium | C15: =SUM('2018.2019'!K7) -> 44.56 | E15: 350
A16: 50 | B16: Auditors fees | C16: =SUM('2018.2019'!K10) -> 1279.42 | E16: 50
A17: 100 | B17: Folke PCC upkeep and maintenance of Churchyard | C17: =SUM('2018.2019'!K25) -> 20 | E17: 100
A18: 100 | B18: Grants/donations | C18: 0 | E18: 100
A19: 1500 | B19: Grass cutting (playing field) | C19: =SUM('2018.2019'!K8) -> 397.8 | E19: 1500
A20: 200 | B20: Hedge Cutting | C20: 0 | E20: 200
A21: 35 | B21: Newsletter | C21: 0 | E21: 35
A22: 750 | B22: Contingency reserve | C22: =SUM('2018.2019'!K16)+'2018.2019'!K17 -> 340.81 | E22: 750
A23: 300 | B23: Maintenance of play equipment | C23: 0 | E23: 300
A25: =SUM(A10:A24) -> 5404 | C25: =SUM(C10:C24) -> 3836.39 | E25: =SUM(E10:E24) -> 5564
